 Dungeon Crawl Stone Soup version 0.16-a0-4038-ge07a62f (webtiles) character file.

362 Ololoev the Cleaver (level 6, -12/50 HPs)
             Began as a Hill Orc Gladiator on Feb 19, 2015.
             Was an Initiate of Beogh.
             Shot with an arrow by a centaur (15 damage)
             ... on level 5 of the Dungeon.
             The game lasted 00:07:18 (3608 turns).

Ololoev the Cleaver (Hill Orc Gladiator)            Turns: 3608, Time: 00:07:19

Health: -12/50     AC:  9    Str: 20    XL:     6   Next: 66%
Magic:  6/6        EV: 11    Int:  8    God:    Beogh [......]
Gold:   231        SH:  0    Dex: 11    Spells: 0 memorised, 5 levels left

rFire  . . .     SeeInvis .     a - +0 war axe
rCold  . . .     Clarity  .     v - +1 ring mail {rPois}
rNeg   . . .     SustAb   .     (no shield)
rPois  +         Gourm    .     b - +0 helmet
rElec  .         Spirit   .     (no cloak)
rCorr  .         Warding  .     (no gloves)
rMut   .         Stasis   +     i - +0 pair of boots
MR     +....                    j - amulet of stasis
Stlth  +.........               (no ring)
                                n - ring of protection from magic

@: somewhat resistant to hostile enchantments, very unstealthy
A: no striking features
a: Renounce Religion


You were on level 5 of the Dungeon.
You worshipped Beogh.
Beogh was noncommittal.
You were not hungry.

You visited 1 branch of the dungeon, and saw 5 of its levels.

You collected 231 gold pieces.

Notes
Turn   | Place    | Note
--------------------------------------------------------------
     0 | D:1      | Ololoev, the Hill Orc Gladiator, began the quest for the Orb.
     0 | D:1      | Reached XP level 1. HP: 18/18 MP: 1/1
    28 | D:1      | Reached XP level 2. HP: 19/25 MP: 2/2
    87 | D:1      | Reached skill level 1 in Armour
   561 | D:1      | You fall through a shaft!
   625 | D:2      | Noticed Ijyb
   639 | D:2      | Killed Ijyb
   639 | D:2      | Reached skill level 5 in Axes
   639 | D:2      | Reached XP level 3. HP: 24/30 MP: 3/3
   795 | D:2      | Noticed Robin
   808 | D:2      | Killed Robin
   808 | D:2      | Reached XP level 4. HP: 24/37 MP: 4/4
  1195 | D:2      | Found an iron altar of Okawaru.
  1902 | D:3      | Reached skill level 6 in Axes
  1995 | D:3      | Became a worshipper of Beogh the Brigand
  2003 | D:3      | Reached XP level 5. HP: 42/42 MP: 5/5
  2277 | D:3      | Found a snail-covered altar of Cheibriados.
  2457 | D:3      | Found a sacrificial altar of Ru.
  2696 | D:4      | Reached skill level 7 in Axes
  2696 | D:4      | Reached XP level 6. HP: 40/50 MP: 6/6
  2818 | D:4      | Noticed Edmund
  2836 | D:4      | Killed Edmund
  3003 | D:4      | Found a shattered altar of Ashenzari.
  3299 | D:4      | Found a burning altar of Makhleb.
  3301 | D:4      | Found a glowing golden altar of the Shining One.
  3303 | D:4      | Found an ancient bone altar of Kikubaaqudgha.
  3473 | D:5      | Entered Level 5 of the Dungeon
  3551 | D:5      | Reached skill level 8 in Axes
  3604 | D:5      | HP: 2/50 [centaur/arrow (12)]
  3608 | D:5      | Shot with an arrow by a centaur

Inventory:

Hand weapons
 a - a +0 war axe (weapon)
Armour
 b - a +0 helmet (worn)
 i - a +0 pair of boots (worn)
 v - a +1 ring mail of poison resistance (worn)
Jewellery
 j - an amulet of stasis (around neck)
 n - a ring of protection from magic (left hand)
Magical devices
 l - a wand of slowing (21)
 u - a wand of magic darts (27)
Scrolls
 g - a scroll of blinking {unknown}
 h - 4 scrolls of identify {unknown}
 k - 2 scrolls of teleportation {unknown}
 m - 2 scrolls of magic mapping {unknown}
 o - a scroll of amnesia {unknown}
 r - a scroll of recharging {unknown}
Potions
 e - a potion of agility {unknown}
 f - a potion of ambrosia {unknown}
 p - a potion of might {unknown}
 s - a potion of brilliance {unknown}
 t - a potion of beneficial mutation {unknown}
 w - a potion of mutation {unknown}
Comestibles
 c - 3 bread rations
 x - 6 chunks of flesh

Table legend:
 A = Turns spent in this place as a percentage of turns spent in the entire game.
 B = Non-inter-level travel turns spent in this place as a percentage of non-inter-level travel turns spent in the entire game.
 C = Inter-level travel turns spent in this place as a percentage of turns spent in this place.
 D = Turns resting spent in this place as a percentage of non-inter-level travel turns spent in this place.
 E = Turns spent auto-exploring this place as a percentage of non-inter-level travel turns spent in this place.
 F = Non-inter-level travel turns spent in this place divided by the number of levels of this place that you've seen.
                   A       B       C       D       E      F
               +-------+-------+-------+-------+-------+----------------------
         Total | 100.0 | 100.0 |   0.5 |   2.9 |  14.0 | 181.6
       Dungeon | 100.0 | 100.0 |   0.5 |   2.9 |  14.0 | 181.6
               +-------+-------+-------+-------+-------+----------------------


   Skills:
 - Level 2.4 Fighting
 * Level 8.0 Axes
 - Level 2.0 Throwing
 + Level 4.1 Armour
 - Level 2.4 Dodging


You had 5 spell levels left.
You didn't know any spells.

Dungeon Overview and Level Annotations

Branches:
Dungeon (5/15)
 Temple: D:4-7

Altars:
Ashenzari
Cheibriados
Kikubaaqudgha
Makhleb
Okawaru
Ru
The Shining One


Message History

The centaur is lightly wounded.
The centaur hits you but does no damage.
The gnoll closely misses you. The centaur hits you.
You barely miss the centaur.
The centaur is lightly wounded.
The centaur hits you. The gnoll misses you.
The centaur hits you but does no damage.
Throwing (i - inventory):
d - 3 throwing nets (quivered)
Press: ? - help, Shift-Dir - straight line, f - gnoll
Aim: a gnoll, wielding a spear You throw a throwing net.
The throwing net hits the centaur.
The centaur is caught in the net!
The centaur is lightly wounded.
The centaur struggles against the net.
The gnoll hits you from afar with a spear.
The centaur struggles against the net. x2
The net rips apart, and the centaur comes free!
You see here a jackal skeleton.
Throwing (i - inventory):
d - 2 throwing nets (quivered)
Press: ? - help, Shift-Dir - straight line, f - centaur
Aim: a centaur (lightly wounded)
You throw a throwing net.
The throwing net closely misses the centaur.
The centaur wields an uncursed shortbow.
The centaur shoots an arrow.
The arrow hits you!
Throwing (i - inventory):
d - a throwing net (quivered)
Press: ? - help, Shift-Dir - straight line, f/p - centaur
Aim: a centaur, wielding a shortbow (lightly wounded)
You throw a throwing net. The throwing net hits the centaur.
The centaur is caught in the net!
The centaur is lightly wounded.
The centaur struggles against the net. x2
The centaur struggles against the net.
The net rips apart, and the centaur comes free!
There is an open door here.
Drink which item? (? for menu, Esc to quit)
It was a potion of berserk rage.
You cannot go berserk while under stasis.
The centaur shoots an arrow.
The arrow hits you!
You die...

....≈≈≈≈≈≈≈≈≈≈≈≈#####≈≈....
....≈≈≈≈≈≈≈≈≈≈≈≈≈≈≈≈≈≈≈....
≈....≈≈≈≈≈≈≈≈≈≈≈≈≈≈≈≈≈≈≈...P#
..g..g.†((........g.........#
.##..#############.##########
#..#..###c## +......c÷..#
######.##.## ########@##+#
....+.....+..###
#..##............ #
#..##+.####.#### #. +..+...#
#.# #.. #..###.# #§#
#...##..##§.######
#.........§..§§#8#§
#+####'####.######


You could see a centaur.

Table legend:
 A = Kills in this place as a percentage of kills in entire the game.
 B = Kills by you in this place as a percentage of kills by you in the entire game.
 C = Kills by friends in this place as a percentage of kills by friends in the entire game.
 D = Other kills in this place as a percentage of other kills in the entire game.
 E = Experience gained in this place as a percentage of experience gained in the entire game.
 F = Experience gained in this place divided by the number of levels of this place that you have seen.
                   A       B       C       D       E      F
               +-------+-------+-------+-------+-------+----------------------
         Total | 100.0 | 100.0 |  -nan |  -nan | 100.0 | 103.6
       Dungeon | 100.0 | 100.0 |  -nan |  -nan | 100.0 | 103.6
               +-------+-------+-------+-------+-------+----------------------

Vanquished Creatures
  Edmund (D:4)
  A hound (D:4)
  An orc priest (D:3)
  A worker ant (D:4)
  Ijyb (D:2)
  A gnoll (D:5)
  2 orcs (D:3)
  Robin (D:2)
  5 adders
  A worm (D:3)
  2 giant geckos
  An ooze (D:3)
  6 bats
  A bat skeleton (D:4)
  6 hobgoblins
  A quokka (D:2)
  2 giant newts (D:2)
  14 goblins
  7 jackals
  9 kobolds
  7 rats
71 creatures vanquished.

Vanquished Creatures (others)
  An orc priest (D:3)
  3 orcs
4 creatures vanquished.

Grand Total: 75 creatures vanquished

Action                   |  1- 3 |  4- 6 || total
-------------------------+-------+-------++-------
Melee: War axe           |    77 |   154 ||   231
Throw: Throwing net      |       |     3 ||     3
Invok: Convert to Beogh  |       |     1 ||     1
Evoke: Wand              |       |     1 ||     1
  Use: Potion            |       |     1 ||     1
  Eat: Chunk             |       |     5 ||     5
       Meat ration       |       |     1 ||     1

Vault maps used:
D:1:      lemuel_arrival_cross, hangedman_decor_clover_reticule,
          corexii_item_surrounded_by_moat
D:2:      okawaru_gym_becter, uniq_iyjb, uniq_robin
D:3:      nicolae_ru_path_of_blood, cheibriados_altar_wand_db, first_bread
D:4:      grunt_temple_overflow_open, ashenzari_altar_1, uniq_edmund
D:5:      lemuel_castle_with_subvaults, nrook_uturn, lemuel_flamethrower_2,
          uniq_natasha
